 Dungeon Crawl Stone Soup version 0.29-a0-520-gc852659d43 (webtiles) character file.

Game seed: 1889435986985184418

28 jifgo the Conjurer (level 3, 26/26 HPs)
             Began as a Demonspawn Conjurer on June 1, 2022.
             Got out of the dungeon alive.
             The game lasted 00:01:49 (954 turns).

jifgo the Conjurer (Demonspawn Conjurer)             Turns: 954, Time: 00:01:50

Health: 26/26      AC:  2    Str:  7    XL:     3   Next: 0%
Magic:  6/6        EV: 12    Int: 21    God:
Gold:   34         SH:  0    Dex: 11    Spells: 2/7 levels left

rFire   . . .      SeeInvis .   j - staff of conjuration
rCold   . . .      Faith    .   (no shield)
rNeg    . . .      Spirit   .   a - +0 robe
rPois   .          Reflect  .   (no helmet)
rElec   .          Harm     .   (no cloak)
rCorr   .          Rampage  .   (no gloves)
Will    .....                   (no boots)
Stlth   ++........              (no amulet)
HPRegen 0.08/turn               (no ring)
MPRegen 0.20/turn               (no ring)

@: no status effects
A: foul stench 1, magic regeneration
a: no special abilities


You escaped.
You visited 1 branch of the dungeon, and saw 1 of its levels.

You collected 34 gold pieces.

Inventory:

Hand Weapons
 d - a +0 club
 h - a +0 dagger
Missiles
 f - 9 boomerangs
Armour
 a - a +0 robe (worn)
Magical Staves
 j - a staff of conjuration (weapon)
Scrolls
 e - a scroll of vulnerability {unknown}
 i - a scroll of identify {unknown}
Potions
 b - a potion of magic
 c - a potion of lignification {unknown}
 g - a potion of attraction {unknown}


   Skills:
 + Level 1.3 Fighting
 - Level 1.7 Dodging
 - Level 1.7 Stealth
 + Level 2.5 Spellcasting
 + Level 4.3 Conjurations


You had 2 spell levels left.
You knew the following spells:

 Your Spells              Type           Power      Damage    Failure   Level
a - Searing Ray           Conj           62%        2d6       3%          2
b - Blink                 Tloc           4%         N/A       22%         2
x - Magic Dart            Conj           100%       1d8       2%          1

Your spell library contained the following spells:

 Spells                   Type           Power      Damage    Failure   Level
 Dazzling Flash           Conj/Hex       34%        N/A       17%         3
 Lesser Beckoning         Tloc           2%         N/A       38%         3
 Fulminant Prism          Conj/Hex       8%         3d7       50%         4
 Iskenderun's Mystic Bla  Conj/Tloc      17%        2d5       50%         4
 Manifold Assault         Tloc           2%         N/A       98%         5


Dungeon Overview and Level Annotations

Branches:
Dungeon (1/15)

Altars:


Innate Abilities, Weirdness & Mutations

You may rarely emit foul miasma when damaged in melee.
You regenerate magic rapidly.


Message History

The frilled lizard hisses angrily.
Casting: Magic Dart (safe; 2% risk of failure)
Confirm with . or Enter, or press ? or * to list all spells.
Aiming: Magic Dart (safe; 2% risk of failure)
Press: ? - help, Shift-Dir - straight line, f - frilled lizard
Aim: a frilled lizard (100% to hit)
You feel a surge of power!
The magic dart hits the frilled lizard.
You kill the frilled lizard!
Casting: Magic Dart (safe; 2% risk of failure)
Confirm with . or Enter, or press ? or * to list all spells.
You can't see any susceptible monsters within range! (Use Z to cast anyway.)
Casting: Magic Dart (safe; 2% risk of failure)
Confirm with . or Enter, or press ? or * to list all spells.
You can't see any susceptible monsters within range! (Use Z to cast anyway.)
You start resting.
Magic restored.
You now have 34 gold pieces (gained 18).
Things that are here:
a +0 dagger; 22 stones; a kobold corpse A ball python comes into view.
The ball python hisses angrily.
Casting: Magic Dart (safe; 2% risk of failure)
Confirm with . or Enter, or press ? or * to list all spells.
Aiming: Magic Dart (safe; 2% risk of failure)
Press: ? - help, Shift-Dir - straight line, f - ball python
Aim: a ball python (100% to hit)
You feel a surge of power!
The magic dart hits the ball python!
You kill the ball python!
You have reached level 3!
Your experience leads to an increase in your attributes!
Increase (S)trength, (I)ntelligence, or (D)exterity?
You feel clever. x2; Your demonic ancestry asserts itself...
You begin to emit a foul stench of rot and decay.
Things that are here:
a +0 dagger; 22 stones; a kobold corpse You see here a +0 hand axe.
There is an open door here.
There is a staircase leading out of the dungeon here.
Are you sure you want to leave the Dungeon?
This will make you lose the game!
You have escaped!

..........#############
#.....##
#####.................#
#.†...##
#.....##..........#
#.....##
####.....##..........#
#.....##
#........##..........#
#>....#
#........##.).###....#
#......
##........##..##.##...#
#..†...
........>.....#...#...#
#......
.#........#...'.@.'...#
........###...#...#...#
........# #...##.##...#
..#.....#
#....###....##.
#.#.....#
#...............
#.......#
#..........#...#
........#
#............#...
........#
#...........##...
........# #############
..


There were no monsters in sight!

Vanquished Creatures
  4 dart slugs (D:1)
  2 endoplasms (D:1)
  A goblin (D:1)
  2 hobgoblins (D:1)
  A jackal (D:1)
  2 kobolds (D:1)
  A quokka (D:1)
  A ball python (D:1)
  A bat (D:1)
  A frilled lizard (D:1)
  5 rats (D:1)
21 creatures vanquished.

Notes
Turn   | Place    | Note
-------+----------+-------------------------------------------
     0 | D:1      | jifgo the Demonspawn Conjurer began the quest for the Orb.
     0 | D:1      | Reached XP level 1. HP: 13/13 MP: 3/3
   192 | D:1      | Gained mutation: You regenerate magic rapidly. [demonic
                  | ancestry]
   192 | D:1      | Reached XP level 2. HP: 20/20 MP: 0/5
   222 | D:1      | Learned a level 2 spell: Searing Ray
   325 | D:1      | Reached skill level 1 in Fighting
   629 | D:1      | Learned a level 2 spell: Blink
   845 | D:1      | Gained mutation: You may rarely emit foul miasma when
                  | damaged in melee. [demonic ancestry]
   845 | D:1      | Reached XP level 3. HP: 26/26 MP: 4/6
   954 | D:$      | Got out of the dungeon alive.

Illustrated notes

Levels and vault maps discovered:
D:1:      dpeg_arrival_shelter, layout_basic, serial_aquarium,
          aquarium_bridge_square [aquarium_subvault_bridge,
          aquarium_subvault_wall, aquarium_subvault_balcony,
          aquarium_subvault_balcony], aquarium_bridge_square
          [aquarium_subvault_bridge, aquarium_subvault_wall,
          aquarium_subvault_bridge, aquarium_subvault_wall], aquarium_window_2,
          aquarium_window_corridor_3, aquarium_window_1, aquarium_view_2d,
          minmay_pentomino_w4

Skill      XL: |  1  2 |
---------------+-------+-----
Fighting       | 1 |  1.3
Dodging        | |  1.7
Stealth        | |  1.7
Spellcasting   | |  2.5
Conjurations   | |  4.3

Action                   || total
-------------------------++-------
Melee: Unarmed           ||     4
       Club              ||    13
 Cast: Magic Dart        ||    42
       Searing Ray       ||     1
 Stab: Sleeping          ||     1
Armor: Robe              ||    11
Dodge: Dodged            ||    20

Table legend: (Time is in decaauts)
 A = Elapsed time spent in this place.
 B = Non-inter-level travel time spent in this place.
 C = Inter-level travel time spent in this place.
 D = Time resting spent in this place.
 E = Time spent auto-exploring this place.
 F = Levels seen in this place.
 G = Mean time per level.
                   A        B        C        D        E       F      G
               +--------+--------+--------+--------+--------+-----+--------+
         Total |    956 |    848 |    108 |    394 |    265 |   1 |  956.0 |
       Dungeon |    956 |    848 |    108 |    394 |    265 |   1 |  956.0 |
               +--------+--------+--------+--------+--------+-----+--------+

Top non-repeatable levels by time:
     D:1: 956 daAuts
